 Dungeon Crawl Stone Soup version 0.23-a0-373-g305c090 (console) character file.

1437 Voker57 the Skirmisher (level 8, -3/63 HPs)
             Began as a Demonspawn Gladiator on Oct 25, 2018.
             Was a Believer of Nemelex Xobeh.
             Slain by a wyvern (9 damage)
             ... summoned by the player character
             ... on level 6 of the Dungeon.
             The game lasted 00:10:31 (4745 turns).

Voker57 the Skirmisher (Demonspawn Gladiator)       Turns: 4745, Time: 00:10:32

Health: -3/63      AC: 10    Str: 14    XL:     8   Next: 45%
Magic:  8/8        EV: 18    Int: 12    God:    Nemelex Xobeh [**....]
Gold:   230        SH:  0    Dex: 20    Spells: 7/7 levels left

rFire    . . .     SeeInvis .   a - +2 long sword
rCold    + . .     Gourm    .   (no shield)
rNeg     . . .     Faith    .   z - +2 scale mail {rPois}
rPois    +         Spirit   .   c - +0 helmet
rElec    .         Reflect  .   (no cloak)
rCorr    .         Harm     .   (no gloves)
MR       .....                  (no boots)
Stlth    ++........             (no amulet)
HPRegen  0.20/turn              g - ring of stealth
MPRegen  0.11/turn              k - ring of protection from cold

@: agile
A: hooves 1, powered by pain 1, spiny 1
a: Renounce Religion


You were on level 6 of the Dungeon.
You worshipped Nemelex Xobeh.
Nemelex Xobeh was pleased with you.
You were hungry.

You visited 1 branch of the dungeon, and saw 6 of its levels.
You also visited: Sewer.

You collected 230 gold pieces.

Inventory:

Hand Weapons
 a - a +2 long sword (weapon)
Missiles
 d - a throwing net
 j - 2 javelins of penetration (quivered)
Armour
 b - a +0 leather armour
 c - a +0 helmet (worn)
 e - a +2 robe of magic resistance
 p - a +0 chain mail
 u - a +0 troll leather armour {Purgy}
 z - a +2 scale mail of poison resistance (worn)
Jewellery
 g - a ring of stealth (left hand)
 k - a ring of protection from cold (right hand)
Wands
 m - a wand of iceblast (6)
Scrolls
 h - 13 scrolls of identify
 l - 2 scrolls of enchant armour {unknown}
 v - 2 scrolls of teleportation
 w - a scroll of acquirement {unknown}
 C - a scroll of amnesia {unknown}
 E - 2 scrolls of remove curse
Potions
 i - 2 potions of mutation {unknown}
 n - a potion of cancellation {unknown}
 o - a potion of agility {unknown}
 q - a potion of invisibility {unknown}
 r - 2 potions of heal wounds
 s - a potion of flight {unknown}
 t - 2 potions of haste
 x - 2 potions of curing
 A - 2 potions of resistance {unknown}
 B - a potion of might {unknown}
Miscellaneous
 y - a plain deck of summoning {drawn: 1}
Comestibles
 f - 11 rations
 D - 2 chunks of flesh


   Skills:
 + Level 5.6 Fighting
 + Level 5.5 Long Blades
 - Level 1.7 Throwing
 + Level 4.1 Armour
 + Level 5.5 Dodging
 + Level 1.2 Invocations


You had 7 spell levels left.
You didn't know any spells.
Your spell library was empty.

Dungeon Overview and Level Annotations

Branches:
Dungeon (6/15)             Temple (0/1) D:4

Altars:
Dithmenos
Fedhas
Makhleb
Nemelex Xobeh
Okawaru
Qazlal
Ru
Vehumet
Xom
Zin

Annotations:
D:6 exclusion: statue


Innate Abilities, Weirdness & Mutations

You have large cloven feet.
You sometimes gain a little power by taking damage.
You are partially covered in sharp spines.


Message History

The wyvern is severely wounded.
The wyvern bites you! The wyvern bites you.
You slash the wyvern!
The wyvern is almost dead.
The wyvern bites you!
You focus on the pain.
You feel agile all of a sudden. The wyvern is struck by your spines.
The wyvern bites you!
The wyvern barely You hit the wyvern.
You kick the wyvern.
You kill the wyvern!
The wyvern's corpse disappears in a puff of smoke!
The wyvern is struck by your spines. The wyvern bites you!
* * * LOW HITPOINT WARNING * * *
The wyvern bites you!
* * * LOW HITPOINT WARNING * * *
The wyvern is struck by your spines. The wyvern misses you.
You riposte.
Your scale mail prevents you from hitting the wyvern.
The wyvern is almost dead.
The wyvern is struck by your spines. The wyvern bites you!
You die...
Your body glows slightly and disappears.

#.# #.## #.# #.## #.# #.##
#.## #.##
.#####..################...
..........................##
########....................
.....#.################..#
8._......#l..# #..#
......#.Fl@..# ##.#
#######.##ยง..# #..
...##.### #.. ........# ##..
.######### #... ###. #.
######## #....# # #....# #


You could see 2 wyverns and a bullfrog.

Vanquished Creatures
  Sigmund (D:3)
  Menkaure (D:6)
  Edmund (D:4)
  2 phantoms
  An ogre (D:2)
  A crimson imp (D:5)
  2 hounds
  An orc priest (D:5)
  3 orc wizards
  3 worker ants
  A howler monkey zombie (D:5)
  3 gnolls (D:3)
  A worker ant zombie (D:6)
  4 adders
  5 oozes (D:1)
  2 worms
  A dart slug (D:1)
  2 leopard geckos (D:3)
  9 orcs
  6 giant cockroaches
  8 hobgoblins
  13 jackals
  3 quokkas (D:3)
  6 bats
  10 frilled lizards
  4 goblins
  10 kobolds
  A leopard gecko skeleton (D:4)
  11 rats
116 creatures vanquished.

Vanquished Creatures (collateral kills)
  Duvessa (D:4)
  Purgy (Sewer)
  2 ogres
  Dowan (D:4)
  A howler monkey (D:5)
  An iguana (D:4)
  A worker ant (D:4)
  An adder (D:4)
  An orc (D:4)
  A quokka (D:5)
11 creatures vanquished.

Grand Total: 127 creatures vanquished

Notes
Turn   | Place    | Note
-------+----------+-------------------------------------------
     0 | D:1      | Voker57 the Demonspawn Gladiator began the quest for the
                  | Orb.
     0 | D:1      | Reached XP level 1. HP: 16/16 MP: 1/1
   117 | D:1      | Gained mutation: You have large cloven feet. [demonic
                  | ancestry]
   117 | D:1      | Reached XP level 2. HP: 20/22 MP: 2/2
   244 | D:1      | Reached XP level 3. HP: 21/28 MP: 3/3
  1382 | D:2      | Noticed an ogre
  1709 | D:2      | Killed an ogre
  1709 | D:2      | Reached skill level 1 in Armour
  1709 | D:2      | Gained mutation: You are partially covered in sharp spines.
                  | [demonic ancestry]
  1709 | D:2      | Reached XP level 4. HP: 35/35 MP: 4/4
  1709 | D:2      | Reached XP level 5. HP: 41/41 MP: 5/5
  2311 | D:3      | Noticed Sigmund
  2629 | D:3      | Killed Sigmund
  2629 | D:3      | Gained mutation: You sometimes gain a little power by
                  | taking damage. [demonic ancestry]
  2629 | D:3      | Reached XP level 6. HP: 48/48 MP: 6/6
  2836 | D:3      | Found a faded altar of an unknown god.
  2924 | D:3      | Found a shadowy altar of Dithmenos.
  2925 | D:3      | Found a shimmering altar of Xom.
  3007 | D:3      | Became a worshipper of Nemelex Xobeh the Trickster
  3007 | D:3      | Received a gift from Nemelex Xobeh
  3007 | D:3      | Reached * piety under Nemelex Xobeh
  3007 | D:3      | Received a gift from Nemelex Xobeh
  3189 | D:4      | Found a glowing silver altar of Zin.
  3192 | D:4      | Found a stormy altar of Qazlal.
  3194 | D:4      | Reached XP level 7. HP: 49/54 MP: 7/7
  3308 | D:4      | Found a glowing drain.
  3316 | Sewer    | Entered a sewer
  3380 | Sewer    | Noticed Purgy
  3391 | Sewer    | Killed Purgy
  3583 | D:4      | Found a blossoming altar of Fedhas.
  3741 | D:4      | Received a gift from Nemelex Xobeh
  3743 | D:4      | Noticed Edmund
  3744 | D:4      | Noticed Dowan
  3745 | D:4      | Noticed Duvessa
  3764 | D:4      | Killed Edmund
  3775 | D:4      | Killed Duvessa
  3778 | D:4      | Killed Dowan
  3931 | D:4      | Reached skill level 5 in Fighting
  3931 | D:4      | Reached skill level 5 in Long Blades
  3931 | D:4      | Reached skill level 5 in Dodging
  3937 | D:4      | Found an iron altar of Okawaru.
  3940 | D:4      | Found a burning altar of Makhleb.
  3965 | D:4      | Found a staircase to the Ecumenical Temple.
  4098 | D:5      | Entered Level 5 of the Dungeon
  4124 | D:5      | Reached XP level 8. HP: 59/62 MP: 8/8
  4359 | D:5      | Reached ** piety under Nemelex Xobeh
  4493 | D:5      | Found a sacrificial altar of Ru.
  4643 | D:6      | Noticed Menkaure
  4649 | D:6      | Killed Menkaure
  4649 | D:6      | Reached skill level 1 in Invocations
  4736 | D:6      | Found a radiant altar of Vehumet.
  4745 | D:6      | Slain by a wyvern

Vault maps used:
D:1:      onia_arrival_handbag, minivault_23, minmay_close_crescents
D:2:      serial_bayou_crossing
D:3:      gammafunk_temple_overflow_wave, chequers_ecumenical_altar_twisty,
          uniq_sigmund
D:4:      lemuel_doored_altar, nicolae_overflow_hidden_temple,
          minmay_temple_entry_hall, first_ration, gup_sewer_entry_bowl,
          uniq_edmund, uniq_duvessa
D:5:      basic_altar
D:6:      vehumet_statue, uniq_menkaure
Sewer:    kennysheep_door_sewer

Skill      XL: |  1  2  3  4  5  6  7  8 |
---------------+-------------------------+-----
Long Blades    | 3 4 5 |  5.5
Dodging        | 3 4 5 |  5.5
Fighting       | 3 4 5 |  5.6
Armour         | 1 2 3 4 |  4.1
Invocations    | 1 |  1.2
Throwing       | |  1.7

Action                   |  1- 3 |  4- 6 |  7- 9 || total
-------------------------+-------+-------+-------++-------
Melee: Long sword        |    81 |    94 |   105 ||   280
       Kick              |    18 |    28 |    38 ||    84
Throw: Javelin           |     3 |     1 |       ||     4
       Throwing net      |     2 |       |       ||     2
Evoke: Deck              |       |     4 |     7 ||    11
  Use: Potion            |       |     6 |       ||     6
       Scroll            |       |     9 |     2 ||    11
 Stab: Distracted        |     1 |       |       ||     1
       Held in net/web   |     1 |       |       ||     1
       Sleeping          |       |     1 |     2 ||     3
  Eat: Chunk             |     1 |     6 |     5 ||    12
Armor: Leather armour    |    18 |       |       ||    18
       Chain mail        |    10 |    25 |       ||    35
       Skin              |       |     9 |     1 ||    10
       Scale mail        |       |       |    26 ||    26
       Troll leather arm |       |       |     4 ||     4
Dodge: Dodged            |    62 |    38 |    56 ||   156
       Rpst.: Long sword |    21 |     8 |    22 ||    51

Table legend:
 A = Non-vault XP
 B = Vault XP
 C = Vault XP percentage of total XP
 D = Non-vault monster count
 E = Vault monster count
 F = Vault count percentage of total count
                 A         B        C        D         E       F
            +---------+---------+-------+---------+---------+-------
      Total |    1239 |     815 |  39.7 |     106 |      21 |  16.5
            +---------+---------+-------+---------+---------+-------
        D:1 |      42 |      26 |  38.2 |      19 |       7 |  26.9
        D:2 |     148 |       0 |   0.0 |      15 |       0 |   0.0
        D:3 |     156 |     242 |  60.8 |      30 |       1 |   3.2
        D:4 |     378 |     282 |  42.7 |      20 |       6 |  23.1
        D:5 |     500 |       0 |   0.0 |      21 |       0 |   0.0
        D:6 |      15 |     172 |  92.0 |       1 |       1 |  50.0
      Sewer |       0 |      93 | 100.0 |       0 |       6 | 100.0
            +---------+---------+-------+---------+---------+-------
